 Dungeon Crawl Stone Soup version 0.25.1-2-g60ff931df9 (webtiles) character file.

Game seed: 13695215806228213067

4532 Kaptain the Geomancer (level 10, -6/61 HPs)
             Began as a Gargoyle Earth Elementalist on Sept 9, 2020.
             Killed by the air
             ... invoked by Gastronok
              (15 damage)
             ... on level 8 of the Dungeon.
             The game lasted 00:33:51 (8185 turns).

Kaptain the Geomancer (Gargoyle Earth Elementalist) Turns: 8185, Time: 00:33:51

Health: -6/61      AC: 13    Str: 13    XL:     10   Next: 39%
Magic:  5/22       EV: 11    Int: 18    God:
Gold:   380        SH:  0    Dex: 10    Spells: 16/25 levels left

rFire    + . .     SeeInvis .   n - +3 dagger (venom)
rCold    . . .     Gourm    .   (no shield)
rNeg     + . .     Faith    .   j - +0 leather armour
rPois    ∞         Spirit   .   (no helmet)
rElec    +         Reflect  .   (no cloak)
rCorr    .         Harm     .   u - +0 pair of gloves
MR       +....                  C - +0 pair of boots
Stlth    ++........             (no amulet)
HPRegen  0.20/turn              B - ring of protection from magic
MPRegen  0.18/turn              m - ring of protection from fire

@: marked
A: negative energy resistance 1, electricity resistance, unbreathing,
petrification resistance, rot immunity, AC +7
a: no special abilities


You were on level 8 of the Dungeon.
You were very hungry.

You visited 2 branches of the dungeon, and saw 9 of its levels.

You collected 399 gold pieces.
You spent 19 gold pieces at shops.

Inventory:

Hand Weapons
 n - a +3 dagger of venom (weapon)
 x - the +11 war axe "Bewk" {elec, +Rage rElec MP-9}
   (You found it on level 4 of the Dungeon)

   Occasionally, upon striking a foe, it will discharge some electrical energy
   and cause terrible harm.
   It insulates you from electricity.
   It affects your magic capacity (-9).
   It lets you go berserk.
Missiles
 b - 15 stones (quivered)
 c - 2 silver boomerangs
Armour
 j - a +0 leather armour (worn)
 u - a +0 pair of gloves (worn)
 C - a +0 pair of boots (worn)
Jewellery
 m - a ring of protection from fire (right hand)
 o - a +4 ring of evasion
 B - a ring of protection from magic (left hand)
Wands
 y - a wand of random effects (15)
Scrolls
 h - 3 scrolls of magic mapping
 k - 2 scrolls of identify
 p - 2 scrolls of enchant weapon
 q - a scroll of amnesia
 r - 3 scrolls of remove curse
 s - a scroll of immolation
 t - 2 scrolls of fear
Potions
 e - a potion of might {unknown}
 f - a potion of magic {unknown}
 g - a potion of stabbing {unknown}
 i - 4 potions of lignification {unknown}
 l - a potion of flight {unknown}
 v - a potion of berserk rage {unknown}
 w - a potion of brilliance {unknown}
 z - 2 potions of haste
Comestibles
 d - 8 rations


   Skills:
 + Level 6.4 Fighting
 + Level 6.4 Armour
 - Level 1.5 Dodging
 - Level 2.1 Stealth
 * Level 8.2 Spellcasting
   Level 0.7 Transmutations
 * Level 10.8 Earth Magic


You had 16 spell levels left.
You knew the following spells:

 Your Spells              Type           Power        Failure   Level  Hunger
a - Sandblast             Erth           #####.       1%          1    None
b - Stone Arrow           Conj/Erth      ####..       3%          3    #......
c - Lee's Rapid Deconstr  Erth           #####.....   3%          5    #####..

Your spell library contained the following spells:

 Spells                   Type           Power        Failure   Level  Hunger
 Passwall                 Tmut/Erth      ####....     1%          2    None
 Petrify                  Tmut/Erth      ####....     11%         4    ###....
 Poisonous Vapours        Pois/Air       #.....       19%         2    None
 Conjure Flame            Conj/Fire      #.......     34%         3    #......
 Mephitic Cloud           Conj/Pois/Air  #.......     34%         3    #......
 Freezing Cloud           Conj/Ice/Air   #.........   100%        6    ######.
 Ring of Flames           Chrm/Fire      #.........   100%        7    #######


Dungeon Overview and Level Annotations

Branches:
Dungeon (8/15)             Temple (1/1) D:5
   Lair: D:8-11

Altars:
Ashenzari
Cheibriados
Dithmenos
Elyvilon
Fedhas
Gozag
Hepliaklqana
Kikubaaqudgha
Makhleb
Nemelex Xobeh
Okawaru
Qazlal
Ru
Sif Muna
Trog
Uskayaw
Vehumet
Wu Jian
Xom
Yredelemnul
Zin
The Shining One

Shops:
D:4 *   D:7 *   D:8 *

Annotations:
D:1 1 runed translucent door
D:8 Gastronok, Harold


Innate Abilities, Weirdness & Mutations

You are resistant to torment.
Your stone body is resilient. (AC +7)
You are immune to poison.
You resist negative energy. (rN+)
You are resistant to electric shocks. (rElec)
You can survive without breathing.
You are immune to petrification.
You are immune to rotting.


Message History

* * * LOW HITPOINT WARNING * * *
The killer bee stings you.
* * * LOW HITPOINT WARNING * * *
The killer bee stings you but does no damage.
The killer bee closely misses you. x2
The killer bee stings you but does no damage.
The killer bee closely misses you. The killer bee barely misses you. x2
The killer bee stings you but does no damage.
There is a stone staircase leading up here.
The killer bee stings you but does no damage.
The killer bee completely misses you. The killer bee misses you.
The killer bee stings you but does no damage.
The killer bee stings you.
* * * LOW HITPOINT WARNING * * *
The killer bee stings you.
* * * LOW HITPOINT WARNING * * *
Gastronok waves his eye-stalks in wide circles.
The air twists around and strikes you!
You die...

...).. ..(..#.......##
.....o #...............#
......# #.........w.....##
.....o.##................#
......[.............#....#
oo.o...Z#....(.....#....##
...#..#†#..............##
##.#.#.##............#
#....)......y@.......##
#..t....#...yyy.......#
#.......####..@.......##
#.......# ###.......##
.........#####.........#
..........##.y#o......###
......#..o.....†.....##
....####.............##
##[<............#


You could see Gastronok, Harold (very poisoned), 4 killer bees and an orc
priest.

Vanquished Creatures
  Maggie (D:8)
  A hippogriff (D:7)
  A hungry ghost (D:7)
  3 water moccasins
  2 orc warriors
  2 ice beasts
  A sky beast (D:5)
  2 phantoms (D:8)
  2 ogres
  2 centaurs
  5 bullfrogs
  2 scorpions
  5 wights (D:6)
  17 killer bees
  4 howler monkeys
  2 bullfrog zombies
  5 orc priests
  A centaur zombie (D:6)
  A hound (D:6)
  2 bullfrog skeletons
  10 orc wizards
  2 iguanas
  7 worker ants
  A hound skeleton (D:8)
  A worker ant zombie (D:8)
  3 gnolls (D:4)
  12 adders
  3 shadow imps (D:7)
  An ooze (D:1)
  An adder skeleton (D:4)
  4 worms
  7 leopard geckos
  29 orcs
  A ball python (D:6)
  4 giant cockroaches
  7 hobgoblins
  10 jackals
  13 kobolds
  6 quokkas
  4 bats
  5 frilled lizards
  3 goblins
  7 rats
202 creatures vanquished.

Vanquished Creatures (others)
  A bush (D:7)
1 creature vanquished.

Grand Total: 203 creatures vanquished

Notes
Turn   | Place    | Note
-------+----------+-------------------------------------------
     0 | D:1      | Kaptain the Gargoyle Earth Elementalist began the quest for
                  | the Orb.
     0 | D:1      | Reached XP level 1. HP: 10/10 MP: 3/3
     1 | D:1      | Found a runed translucent door.
   252 | D:1      | Reached XP level 2. HP: 15/16 MP: 3/5
   306 | D:1      | Reached skill level 4 in Earth Magic
   642 | D:1      | Reached skill level 1 in Armour
   777 | D:1      | Reached XP level 3. HP: 20/20 MP: 6/6
  1490 | D:2      | Reached skill level 1 in Fighting
  1923 | D:2      | Reached XP level 4. HP: 23/25 MP: 5/8
  2245 | D:3      | Learned a level 3 spell: Stone Arrow
  2472 | D:3      | Reached XP level 5. HP: 28/29 MP: 5/9
  2498 | D:3      | Reached skill level 5 in Earth Magic
  3572 | D:4      | Noticed an ogre
  3579 | D:4      | Killed an ogre
  3579 | D:4      | Reached XP level 6. HP: 25/35 MP: 6/11
  3846 | D:4      | Reached skill level 6 in Earth Magic
  3851 | D:4      | Reached XP level 7. HP: 37/40 MP: 6/13
  3964 | D:4      | Found Macog's Serpentskin Sales.
  4061 | D:4      | You fall into a shaft and drop 3 floors!
  4106 | D:6      | Reached skill level 5 in Spellcasting
  4106 | D:6      | Reached skill level 7 in Earth Magic
  4106 | D:6      | Reached XP level 8. HP: 42/46 MP: 4/15
  4186 | D:6      | Learned a level 5 spell: Lee's Rapid Deconstruction
  4472 | D:5      | Entered Level 5 of the Dungeon
  4472 | D:5      | Found a white marble altar of Elyvilon.
  4568 | D:4      | Got a fading war axe
  4569 | D:4      | Identified the +11 war axe "Bewk" {elec, +Rage rElec MP-9}
                  | (You found it on level 4 of the Dungeon)
  4681 | D:5      | Found a staircase to the Ecumenical Temple.
  4700 | Temple   | Entered the Ecumenical Temple
  5513 | D:6      | Reached skill level 8 in Earth Magic
  5710 | D:6      | Reached XP level 9. HP: 43/52 MP: 7/18
  6143 | D:7      | Reached skill level 5 in Armour
  6152 | D:7      | Reached skill level 5 in Fighting
  6152 | D:7      | Reached skill level 9 in Earth Magic
  6296 | D:6      | HP: 1/54 [killer bee (7)]
  6850 | D:7      | Reached skill level 10 in Earth Magic
  7110 | D:7      | Found Penko's Assorted Antiques.
  7134 | D:7      | Bought a sedimented coppery potion for 19 gold pieces
  7285 | D:8      | Found Idwuf's Assorted Antiques.
  7308 | D:7      | Reached XP level 10. HP: 45/60 MP: 21/21
  7599 | D:8      | Noticed Maggie
  7612 | D:8      | Noticed Gastronok
  7615 | D:8      | Killed Maggie
  8142 | D:8      | Noticed Harold
  8185 | D:8      | Killed from afar by Gastronok

Illustrated notes

Levels and vault maps discovered:
D:1:      dpeg_arrival_caged_fury, layout_loops_ring
D:2:      layout_rooms, minmay_crystal_water
D:3:      layout_basic, first_ration, serial_rivers,
          chequers_serial_rivers_micro_b, chequers_serial_rivers_small_b,
          chequers_serial_rivers_room_b, chequers_serial_rivers_micro_a
D:4:      layout_rooms, grunt_ministairs_15, guppyfry_shop_venom
D:5:      layout_rooms, overflow_temple_1_default, temple_fountains
D:6:      layout_loops_ring
D:7:      layout_cave_pools, serial_shops, nicolae_shop_behind_doors,
          kb_lookout_dungeons_type
D:8:      layout_cave_pools, serial_shops,
          nicolae_shop_competitors_out_of_business, david_nohive_1,
          chequers_serial_rivers_micro_e, uniq_maggie, uniq_gastronok,
          uniq_harold
Temple:   compressed_dpeg_circular_temple

Skill      XL: |  1  2  3  4  5  6  7  8  9 10 |
---------------+-------------------------------+-----
Earth Magic    | 4 5 6 7 8 10 | 10.8
Armour         | 1 2 3 4 6 |  6.4
Fighting       | 1 2 3 4 6 |  6.4
Spellcasting   | 3 4 5 6 7 8 |  8.2
Dodging        | |  1.5
Stealth        | |  2.1
Transmutations | |  0.7

Action                   |  1- 3 |  4- 6 |  7- 9 | 10-12 || total
-------------------------+-------+-------+-------+-------++-------
Melee: Short sword       |    54 |    15 |       |       ||    69
       Unarmed           |     1 |       |       |       ||     1
       Dagger            |       |    38 |    79 |    43 ||   160
       War axe           |       |       |    83 |       ||    83
 Cast: Sandblast         |    44 |    62 |    77 |    26 ||   209
       Stone Arrow       |       |       |     5 |       ||     5
       Lee's Rapid Decon |       |       |     2 |    12 ||    14
  Use: Scroll            |       |     3 |    10 |       ||    13
       Potion            |       |       |     4 |     2 ||     6
 Stab: Sleeping          |     1 |     1 |     1 |       ||     3
  Eat: Ration            |     1 |       |     1 |     1 ||     3
       Chunk             |       |     6 |    11 |     1 ||    18
Armor: Robe              |    10 |       |       |       ||    10
       Leather armour    |    16 |    25 |   158 |    74 ||   273
Dodge: Dodged            |    49 |    47 |   189 |    62 ||   347
